 Dungeon Crawl Stone Soup version 0.28-a0-268-g3f656e82c2 (webtiles) character file.

Game seed: 12181485839742913043

1804 theanonym the Cudgeller (level 8, -2/65 HPs)
             Began as a Mummy Delver on Aug 28, 2021.
             Was an Initiate of Gozag.
             Slain by a hornet (11 damage)
             ... on level 7 of the Dungeon.
             The game lasted 00:13:04 (11591 turns).

theanonym the Cudgeller (Mummy Delver)             Turns: 11591, Time: 00:13:05

Health: -2/65      AC: 13    Str: 17    XL:     8   Next: 83%
Magic:  17/17      EV:  7    Int: 10    God:    Gozag
Gold:   703        SH:  0    Dex: 13    Spells: 7/7 levels left

rFire   x . .      SeeInvis .   a - +0 morningstar (freeze)
rCold   + . .      Faith    .   (no shield)
rNeg    + + +      Spirit   .   e - +0 chain mail
rPois   ∞          Reflect  .   k - +1 hat
rElec   .          Harm     .   (no cloak)
rCorr   .          Rampage  .   h - +0 pair of gloves
Will    +....                   c - +0 pair of boots
Stlth   ..........              (no amulet)
HPRegen 0.20/turn               g - ring of magical power
MPRegen 0.15/turn               (no ring)

@: no status effects
A: cold resistance 1, negative energy resistance 3, torment resistance 2, heat
vulnerability 1, no potions
a: Renounce Religion, Potion Petition, Call Merchant, Bribe Branch


Innate Abilities, Weirdness & Mutations

You are immune to poison.
Your flesh is cold resistant. (rC+)
You are immune to negative energy. (rN+++)
You are immune to unholy pain and torment.
You are vulnerable to heat. (rF-)
You do not drink.


   Skills:
 + Level 6.4 Fighting
 * Level 7.0 Maces & Flails
 + Level 4.5 Armour
 - Level 1.5 Dodging
 - Level 4.1 Stealth


You had 7 spell levels left.
You didn't know any spells.
Your spell library contained the following spells:

 Spells                   Type           Power      Damage    Failure   Level
 Pain                     Necr           0%         1d4       99%         1
 Ozocubu's Armour         Ice            0%         N/A       100%        3
 Agony                    Necr           0%         N/A       100%        5
 Excruciating Wounds      Necr           0%         N/A       100%        5
 Metabolic Englaciation   Hex/Ice        0%         N/A       100%        5
 Simulacrum               Ice/Necr       0%         N/A       100%        6

Skill      XL: |  1  2  3  4  5  6  7  8 |
---------------+-------------------------+-----
Maces & Flails | 2 3 4 5 7 |  7.0
Armour         | 1 2 3 4 |  4.5
Fighting       | 4 5 6 |  6.4
Dodging        | |  1.5
Stealth        | |  4.1

Action                   |  1- 3 |  4- 6 |  7- 9 || total
-------------------------+-------+-------+-------++-------
Melee: Mace              |    12 |       |       ||    12
       Morningstar       |    89 |   200 |   212 ||   501
Evoke: Wand              |       |       |     1 ||     1
  Use: Scroll            |     2 |     3 |     5 ||    10
 Stab: Sleeping          |     3 |       |       ||     3
       Distracted        |     1 |       |       ||     1
Armor: Leather armour    |     5 |       |       ||     5
       Ring mail         |    46 |    22 |       ||    68
       Chain mail        |       |   116 |   179 ||   295
Dodge: Dodged            |   102 |   115 |   111 ||   328

Inventory:

Hand Weapons
 a - a +0 morningstar of freezing (weapon)
Armour
 c - a +0 pair of boots (worn)
 e - a +0 chain mail (worn)
 h - a +0 pair of gloves (worn)
 k - a +1 hat (worn)
Jewellery
 g - a ring of magical power (left hand)
Wands
 d - a wand of digging (2)
Scrolls
 b - a scroll of immolation
 f - 2 scrolls of fog
 i - a scroll of enchant weapon
 t - 3 scrolls of teleportation
 y - 2 scrolls of magic mapping


You were on level 7 of the Dungeon.
You worshipped Gozag.
Gozag was pleased with you.
You visited 2 branches of the dungeon, and saw 8 of its levels.

You collected 812 gold pieces.
You paid 109 gold pieces to Gozag.

Dungeon Overview and Level Annotations

Branches:
Dungeon (7/15)             Temple (1/1) D:4

Altars:
Ashenzari
Dithmenos
Fedhas
Gozag
Hepliaklqana
Kikubaaqudgha
Nemelex Xobeh
Okawaru
Ru
Sif Muna
Trog
Uskayaw
Vehumet
Wu Jian
Xom
Yredelemnul
Zin
The Shining One

Shops:
D:1

* #........#....##
##...####...#...#
###......##...#...####
####.....................
#.....#............#.####
#.#.#.#............#.####
#.........S.##...###.....
####.#.#....y####...#
#...#. .........##@SZ#
##.## #.#...
#..........(.###.#.###.#.#.
#..###.###.#....###........
#.# #.#.###.#.###.##.. #.#
#.#.# ##.## #.# #.
#.###.#.####.# #.# .
#............# #.# .
#####.#.######. ...
#<......... .#.


You could see a hornet (ally target), 2 friendly water moccasins and a friendly
centaur skeleton (summoned).

Notes
Turn   | Place    | Note
-------+----------+-------------------------------------------
     0 | D:5      | theanonym the Mummy Delver began the quest for the Orb.
     0 | D:5      | Reached XP level 1. HP: 18/18 MP: 1/1
    15 | D:4      | HP: 8/18 [orc (6)]
   191 | D:4      | HP: 4/18 [orc (11)]
   436 | D:5      | HP: 9/18 [adder (2)]
   439 | D:5      | HP: 3/18 [adder (2)]
   441 | D:5      | Reached skill level 2 in Maces & Flails
   441 | D:5      | Reached XP level 2. HP: 5/24 MP: 2/2
   681 | D:4      | Noticed an ogre
   690 | D:4      | Noticed a phantom
  1175 | D:1      | Found Lonegiul's General Store.
  1204 | D:1      | Reached XP level 3. HP: 27/29 MP: 3/3
  1869 | D:1      | Reached skill level 1 in Armour
  2048 | D:2      | HP: 14/29 [quokka (4)]
  2054 | D:2      | HP: 13/29 [jackal (2)]
  2448 | D:1      | Found Lonegiul's General Store.
  3024 | D:1      | HP: 11/29 [gnoll (4)]
  3026 | D:1      | Reached XP level 4. HP: 14/36 MP: 4/4
  3240 | D:2      | HP: 18/36 [gnoll (9)]
  3248 | D:2      | HP: 10/36 [gnoll (9)]
  3548 | D:1      | HP: 17/36 [gnoll (12)]
  3550 | D:1      | HP: 7/36 [gnoll (10)]
  3551 | D:1      | HP: 2/36 [gnoll (5)]
  3862 | D:2      | Found an ornate altar of the Wu Jian Council.
  4486 | D:3      | Reached skill level 3 in Maces & Flails
  4597 | D:3      | HP: 16/37 [adder (4)]
  5296 | D:3      | Found a faded altar of an unknown god.
  5770 | D:4      | Reached XP level 5. HP: 34/42 MP: 5/5
  5852 | D:4      | Noticed a phantom
  6099 | D:4      | Found a staircase to the Ecumenical Temple.
  6105 | Temple   | Entered the Ecumenical Temple
  6258 | Temple   | Became a worshipper of Gozag Ym Sagoz the Greedy
  6452 | D:5      | Reached skill level 4 in Fighting
  6577 | D:5      | HP: 19/42 [hound (3)]
  6580 | D:5      | Reached skill level 2 in Armour
  7107 | D:5      | HP: 18/42 [hound (5)]
  7109 | D:5      | Reached XP level 6. HP: 21/48 MP: 6/6
  7439 | D:5      | Reached skill level 4 in Maces & Flails
  7668 | D:5      | HP: 21/49 [scorpion (6)]
  7680 | D:5      | HP: 20/49 [scorpion (3)]
  7685 | D:5      | HP: 18/49 [scorpion (1)]
  7690 | D:5      | HP: 18/49 [scorpion (1)]
  7998 | D:5      | Reached XP level 7. HP: 55/55 MP: 7/7
  8903 | D:6      | Reached skill level 5 in Fighting
  8903 | D:6      | Reached skill level 5 in Maces & Flails
  8903 | D:6      | Reached skill level 3 in Armour
  9328 | D:6      | HP: 25/56 [gnoll (7)]
  9345 | D:6      | HP: 19/56 [gnoll (7)]
  9351 | D:6      | HP: 14/56 [gnoll (5)]
  9996 | D:4      | HP: 25/56 [ogre (20)]
  9997 | D:4      | HP: 10/56 [ogre (16)]
 10308 | D:4      | Reached XP level 8. HP: 46/63 MP: 8/8
 10756 | D:6      | HP: 24/64 [orc warrior (10)]
 11119 | D:6      | Reached skill level 6 in Maces & Flails
 11161 | D:7      | HP: 32/64 [orc (4)]
 11440 | D:7      | Reached skill level 6 in Fighting
 11440 | D:7      | Reached skill level 4 in Armour
 11538 | D:7      | Noticed a hornet
 11560 | D:7      | HP: 30/65 [killer bee (4)]
 11565 | D:7      | HP: 26/65 [killer bee (2)]
 11568 | D:7      | Reached skill level 7 in Maces & Flails
 11583 | D:7      | HP: 25/65 [hornet (4)]
 11589 | D:7      | HP: 8/65 [hornet (11)]
 11591 | D:7      | Slain by a hornet

Vanquished Creatures
  A centaur zombie (D:7)
  A sky beast (D:6)
  3 ogres
  A necrophage (D:6)
  2 phantoms
  A bullfrog (D:6)
  2 scorpions
  2 killer bees (D:7)
  A water moccasin skeleton (D:5)
  3 howler monkeys
  2 hounds (D:5)
  An orc priest (D:6)
  3 bullfrog skeletons
  A centaur skeleton (D:7)
  An iguana (D:4)
  An orc wizard (D:6)
  6 gnolls
  6 adders
  A shadow imp (D:5)
  A worm (D:5)
  A dart slug (D:2)
  11 orcs
  5 bats
  An endoplasm (D:4)
  A giant cockroach (D:3)
  11 goblins
  5 hobgoblins
  5 jackals
  14 kobolds
  4 quokkas
  3 ball pythons
  2 frilled lizards (D:3)
  8 rats
111 creatures vanquished.

Vanquished Creatures (others)
  69 plants
69 creatures vanquished.

Grand Total: 180 creatures vanquished

Table legend: (Time is in decaauts)
 A = Elapsed time spent in this place.
 B = Non-inter-level travel time spent in this place.
 C = Inter-level travel time spent in this place.
 D = Time resting spent in this place.
 E = Time spent auto-exploring this place.
 F = Levels seen in this place.
 G = Mean time per level.
                   A        B        C        D        E       F      G
               +--------+--------+--------+--------+--------+-----+--------+
         Total |  11787 |  11157 |    630 |   3920 |   5547 |   8 | 1473.4 |
       Dungeon |  11574 |  11028 |    546 |   3920 |   5421 |   7 | 1653.4 |
        Temple |    212 |    128 |     84 |      0 |    126 |   1 |  212.0 |
               +--------+--------+--------+--------+--------+-----+--------+

Top non-repeatable levels by time:
     D:5: 2744 daAuts
     D:1: 2698 daAuts
     D:6: 2297 daAuts
     D:3: 1647 daAuts
     D:2: 1082 daAuts
     D:4: 893 daAuts
  Temple: 212 daAuts
     D:7: 210 daAuts
